 Dungeon Crawl Stone Soup version 0.26.1-11-gd32895ea62 (webtiles) character file.

Game seed: 12877296129888831087

602 Mattiprrivan the Magician (level 7, 0/51 HPs)
             Began as a Gnoll Hedge Wizard on June 11, 2021.
             Was a Priest of Cheibriados.
             Succumbed to Sensen's ghost's poison
             ... on level 5 of the Dungeon.
             The game lasted 00:46:14 (4973 turns).

Mattiprrivan the Magician (Gnoll Hedge Wizard)      Turns: 4973, Time: 00:46:14

Health: 0/51       AC:  8    Str: 21    XL:     7   Next: 41%
Magic:  1/18       EV: 17    Int: 22    God:    Cheibriados [***...]
Gold:   118        SH:  0    Dex: 26    Spells: 15/21 levels left

rFire    . . .     SeeInvis .   i - +1 trident
rCold    + . .     Faith    .   (no shield)
rNeg     . . .     Spirit   +   d - +2 robe of the Armoured One {rC+}
rPois    .         Reflect  .   c - +0 hat
rElec    .         Harm     .   (no cloak)
rCorr    .         Rampage  .   (no gloves)
Will     .....                  (no boots)
Stlth    ++++......             m - amulet of guardian spirit (curse)
HPRegen  0.17/turn              g - +6 ring of dexterity
MPRegen  0.16/turn              j - +4 ring of protection

@: lethally poisoned (0 -> -40), very slow
A: distributed training, fangs 1, strong nose
a: Renounce Religion, Bend Time, Temporal Distortion


You were on level 5 of the Dungeon.
You worshipped Cheibriados.
Cheibriados was most pleased with you.
You visited 1 branch of the dungeon, and saw 5 of its levels.

You collected 118 gold pieces.

Inventory:

Hand Weapons
 i - a +1 trident (weapon)
Missiles
 a - 4 javelins
 f - 10 poisoned darts (quivered)
 p - a throwing net
Armour
 c - a +0 hat (worn)
 d - the +2 robe of the Armoured One (worn) {rC+}
   (You found it on level 4 of the Dungeon)

   It protects you from cold.
Jewellery
 e - an uncursed ring of resist corrosion
 g - a +6 ring of dexterity (left hand)
 j - a +4 ring of protection (right hand)
 m - a cursed amulet of guardian spirit (around neck)
Wands
 l - a wand of iceblast (13)
 q - a wand of paralysis (6)
Scrolls
 b - a scroll of identify
 n - a scroll of magic mapping
Potions
 h - 3 potions of flight
 o - a potion of magic


   Skills:
 + Level 2.5 Fighting
 + Level 2.5 Short Blades
 + Level 2.5 Long Blades
 + Level 2.5 Axes
 + Level 2.5 Maces & Flails
 + Level 2.5 Polearms
 + Level 2.5 Staves
 + Level 2.5 Slings
 + Level 2.5 Bows
 + Level 2.5 Crossbows
 + Level 2.5 Throwing
 + Level 2.5 Armour
 + Level 5.2 Dodging
 + Level 4.9 Stealth
 + Level 2.5 Shields
 + Level 2.5 Unarmed Combat
 + Level 7.6 Spellcasting
 + Level 3.0 Conjurations
 + Level 2.0 Hexes
 + Level 3.0 Summonings
 + Level 2.0 Necromancy
 + Level 3.0 Translocations
 + Level 2.0 Transmutations
 + Level 2.0 Fire Magic
 + Level 2.0 Ice Magic
 + Level 2.0 Air Magic
 + Level 2.0 Earth Magic
 + Level 2.0 Poison Magic
 + Level 2.7 Invocations
 + Level 2.5 Evocations


You had 15 spell levels left.
You knew the following spells:

 Your Spells              Type           Power        Failure   Level
a - Magic Dart            Conj           84%          2%          1
b - Call Imp              Summ           21%          3%          2
c - Mephitic Cloud        Conj/Pois/Air  18%          9%          3

Your spell library contained the following spells:

 Spells                   Type           Power        Failure   Level
 Blink                    Tloc           N/A          3%          2
 Slow                     Hex            17%          4%          2
 Conjure Flame            Conj/Fire      19%          9%          3


Dungeon Overview and Level Annotations

Branches:
Dungeon (5/15)             Temple (0/1) D:4

Altars:
Cheibriados
Fedhas
Hepliaklqana
Nemelex Xobeh
Okawaru
Sif Muna
Xom

Annotations:
D:5 Sensen's ghost, novice GnAM


Innate Abilities, Weirdness & Mutations

Your experience applies equally to all skills.
You have very sharp teeth.
Your uncanny sense of smell can sniff out nearby items.


Message History

You are more poisoned.
Your Conjurations skill increases to level 3!
Your Summonings skill increases to level 3!
Your Translocations skill increases to level 3!
Okay, then.
Reach: i) +1 trident
Press: ? - help, Dir - move target, f/p - Sensen's ghost
Aim: Sensen's ghost, wielding a weapon of venom (severely damaged)
You hit Sensen's ghost.
Sensen's ghost is severely damaged.
* * * LOW HITPOINT WARNING * * *
You feel very sick.
Your white imp closely misses Sensen's ghost.
Sensen's ghost completely misses you.
Reach: i) +1 trident
Press: ? - help, Dir - move target, f/p - Sensen's ghost
Aim: Sensen's ghost, wielding a weapon of venom (severely damaged)
You puncture Sensen's ghost!
Sensen's ghost is almost destroyed.
You die...

*#### **...##***
*,....#*,*
*##..##,.##
##....#...#
#.@†5.....#* ***
###W.......****,**
*#.5...#..*,,*,,*
*..#5.#...,,,,,,*
#..##.#,##,**,,,*
##..,...,,,***,,*
##.,,...*,***,,*
*#>,,###,*,,,,*
*,,,*,,,,,,,***


You could see Sensen's ghost, 2 friendly crimson imps and a friendly white imp
(summoned).

Vanquished Creatures
  A scorpion (D:4)
  A hound (D:4)
  2 orc priests
  A jelly (D:5)
  A gnoll shaman (D:5)
  An iguana (D:4)
  2 orc wizards (D:3)
  2 worker ants (D:4)
  3 hound skeletons
  7 gnolls
  3 adders
  5 worms (D:2)
  2 leopard geckos
  14 orcs
  2 giant cockroaches (D:2)
  5 goblins
  8 hobgoblins
  3 jackals (D:4)
  A quokka (D:4)
  A ball python skeleton (D:3)
  5 bats
  2 frilled lizards
  2 jackal zombies (D:5)
  6 kobolds
  A leopard gecko simulacrum (D:5)
  A leopard gecko skeleton (D:4)
  7 rats
89 creatures vanquished.

Vanquished Creatures (collateral kills)
  A sky beast (D:5)
  An orc priest (D:5)
  A worker ant (D:2)
  A centaur simulacrum (D:5)
  2 adders
  2 orcs (D:5)
8 creatures vanquished.

Vanquished Creatures (others)
  A plant (D:3)
1 creature vanquished.

Grand Total: 98 creatures vanquished

Notes
Turn   | Place    | Note
-------+----------+-------------------------------------------
     0 | D:1      | Mattiprrivan the Gnoll Hedge Wizard began the quest for the
                  | Orb.
     0 | D:1      | Reached XP level 1. HP: 13/13 MP: 8/8
   295 | D:1      | Reached XP level 2. HP: 19/19 MP: 6/10
   298 | D:1      | Learned a level 2 spell: Call Imp
   749 | D:2      | Reached skill level 1 in Invocations
   749 | D:2      | Reached XP level 3. HP: 25/25 MP: 6/11
   952 | D:2      | Learned a level 3 spell: Mephitic Cloud
   996 | D:2      | Reached skill level 1 in Fighting
   996 | D:2      | Reached skill level 1 in Short Blades
   996 | D:2      | Reached skill level 1 in Long Blades
   996 | D:2      | Reached skill level 1 in Axes
   996 | D:2      | Reached skill level 1 in Maces & Flails
   996 | D:2      | Reached skill level 1 in Polearms
   996 | D:2      | Reached skill level 1 in Staves
   996 | D:2      | Reached skill level 1 in Slings
   996 | D:2      | Reached skill level 1 in Bows
   996 | D:2      | Reached skill level 1 in Crossbows
   996 | D:2      | Reached skill level 1 in Throwing
   996 | D:2      | Reached skill level 1 in Armour
   996 | D:2      | Reached skill level 1 in Shields
   996 | D:2      | Reached skill level 1 in Unarmed Combat
   996 | D:2      | Reached skill level 1 in Evocations
   996 | D:2      | Reached XP level 4. HP: 23/32 MP: 4/13
  1262 | D:2      | Reached skill level 1 in Hexes
  1262 | D:2      | Reached skill level 1 in Necromancy
  1262 | D:2      | Reached skill level 1 in Transmutations
  1262 | D:2      | Reached skill level 1 in Fire Magic
  1262 | D:2      | Reached skill level 1 in Ice Magic
  1262 | D:2      | Reached skill level 1 in Air Magic
  1262 | D:2      | Reached skill level 1 in Earth Magic
  1262 | D:2      | Reached skill level 1 in Poison Magic
  1312 | D:2      | Found an iron altar of Okawaru.
  1315 | D:2      | Found a snail-covered altar of Cheibriados.
  1322 | D:2      | Became a worshipper of Cheibriados the Contemplative
  1651 | D:2      | Found a faded altar of an unknown god.
  1922 | D:2      | Reached XP level 5. HP: 37/37 MP: 14/14
  2566 | D:3      | Reached * piety under Cheibriados
  3067 | D:3      | Found a hazy altar of Hepliaklqana.
  3081 | D:3      | Found a shimmering blue altar of Sif Muna.
  3081 | D:3      | Found a sparkling altar of Nemelex Xobeh.
  3376 | D:4      | Got a bloodstained robe
  3387 | D:4      | Identified the +2 robe of the Armoured One {rC+} (You found
                  | it on level 4 of the Dungeon)
  3466 | D:4      | Found a blossoming altar of Fedhas.
  3473 | D:4      | Reached XP level 6. HP: 44/44 MP: 16/16
  3591 | D:4      | Reached ** piety under Cheibriados
  3592 | D:4      | Reached skill level 5 in Dodging
  3731 | D:4      | Found a staircase to the Ecumenical Temple.
  4329 | D:5      | Entered Level 5 of the Dungeon
  4370 | D:5      | Reached XP level 7. HP: 35/50 MP: 10/18
  4635 | D:5      | Found a runed translucent gate.
  4635 | D:5      | Found a runed translucent gate.
  4635 | D:5      | Found a runed translucent gate.
  4636 | D:5      | Found a shimmering altar of Xom.
  4671 | D:5      | Reached *** piety under Cheibriados
  4698 | D:5      | Noticed Sensen's ghost (novice GnAM)
  4973 | D:5      | Succumbed to Sensen's ghost's poison

Illustrated notes

Levels and vault maps discovered:
D:1:      lightli_arrival_noodles, layout_basic
D:2:      layout_loops_ring, amethyst_overflow_temple_binary,
          chequers_ecumenical_altar_island
D:3:      layout_basic, gammafunk_temple_overflow_forgotten
D:4:      layout_loops_corners, minmay_temple_entry_glassed_door, fedhas_altar_1
D:5:      layout_cave_pools, xom_butterflies, kennysheep_mini,
          gammafunk_ghost_icy

Skill      XL: |  1  2  3  4  5  6  7 |
---------------+----------------------+-----
Conjurations   | 2 3 |  3.0
Summonings     | 2 3 |  3.0
Translocations | 2 3 |  3.0
Invocations    | 1 2 |  2.7
Fighting       | 1 2 |  2.5
Short Blades   | 1 2 |  2.5
Long Blades    | 1 2 |  2.5
Axes           | 1 2 |  2.5
Maces & Flails | 1 2 |  2.5
Polearms       | 1 2 |  2.5
Staves         | 1 2 |  2.5
Slings         | 1 2 |  2.5
Bows           | 1 2 |  2.5
Crossbows      | 1 2 |  2.5
Throwing       | 1 2 |  2.5
Armour         | 1 2 |  2.5
Shields        | 1 2 |  2.5
Unarmed Combat | 1 2 |  2.5
Evocations     | 1 2 |  2.5
Hexes          | 1 2 |  2.0
Necromancy     | 1 2 |  2.0
Transmutations | 1 2 |  2.0
Fire Magic     | 1 2 |  2.0
Ice Magic      | 1 2 |  2.0
Air Magic      | 1 2 |  2.0
Earth Magic    | 1 2 |  2.0
Poison Magic   | 1 2 |  2.0
Dodging        | 5 |  5.2
Stealth        | |  4.9
Spellcasting   | |  7.6

Action                   |  1- 3 |  4- 6 |  7- 9 || total
-------------------------+-------+-------+-------++-------
Melee: Dagger            |    14 |     1 |       ||    15
       Bite              |     1 |    11 |     2 ||    14
       Spear             |       |    57 |       ||    57
       Trident           |       |    37 |    28 ||    65
Throw: Javelin           |    26 |    54 |       ||    80
       Dart              |     4 |    10 |     4 ||    18
 Cast: Magic Dart        |    25 |       |       ||    25
       Call Imp          |     4 |     2 |    26 ||    32
       Mephitic Cloud    |     2 |    11 |       ||    13
Evoke: Wand              |       |     1 |       ||     1
  Use: Scroll            |     3 |    10 |     4 ||    17
       Potion            |     2 |     6 |       ||     8
 Stab: Sleeping          |       |     5 |       ||     5
       Confused          |       |     6 |       ||     6
       Distracted        |       |       |     1 ||     1
Armor: Robe              |     9 |    18 |    18 ||    45
Dodge: Dodged            |    16 |    76 |    36 ||   128
